 Dungeon Crawl Stone Soup version 0.27-a0-1188-g73eefd5def (webtiles) character file.

Game seed: 12680685280421811642

236 chippings the Cudgeller (level 5, 0/41 HPs)
             Began as a Mummy Gladiator on May 20, 2021.
             Was a Believer of Kikubaaqudgha.
             Slain by an ufetubus (4 damage)
             ... on level 4 of the Dungeon.
             The game lasted 00:04:42 (3569 turns).

chippings the Cudgeller (Mummy Gladiator)           Turns: 3569, Time: 00:04:43

Health: 0/41       AC:  6    Str: 18    XL:     5   Next: 77%
Magic:  8/8        EV: 11    Int:  8    God:    Kikubaaqudgha [**....]
Gold:   72         SH:  0    Dex: 13    Spells: 6/9 levels left

rFire    x . .     SeeInvis .   g - +0 whip
rCold    + . .     Faith    .   (no shield)
rNeg     + + +     Spirit   .   f - +0 ring mail
rPois    ∞         Reflect  .   c - +0 helmet
rElec    .         Harm     .   (no cloak)
rCorr    .         Rampage  .   (no gloves)
Will     .....                  (no boots)
Stlth    +.........             (no amulet)
HPRegen  0.13/turn              (no ring)
MPRegen  0.11/turn              (no ring)

@: weak-willed
A: cold resistance 1, negative energy resistance 3, torment resistance 2, heat
vulnerability 1, no potions
a: Renounce Religion, Receive Corpses


You were on level 4 of the Dungeon.
You worshipped Kikubaaqudgha.
Kikubaaqudgha was pleased with you.
You visited 1 branch of the dungeon, and saw 4 of its levels.

You collected 72 gold pieces.

Inventory:

Hand Weapons
 a - a +0 flail
 g - a +0 whip (weapon)
Missiles
 d - 3 throwing nets (quivered)
Armour
 c - a +0 helmet (worn)
 f - a +0 ring mail (worn)
Scrolls
 b - a scroll of identify
 e - a scroll of noise
 i - a scroll of enchant armour


   Skills:
 + Level 3.5 Fighting
 + Level 3.8 Maces & Flails
 - Level 1.5 Throwing
 - Level 2.4 Dodging
 + Level 2.5 Spellcasting
 + Level 2.1 Necromancy


You had 6 spell levels left.
You knew the following spells:

 Your Spells              Type           Power      Damage    Failure   Level
a - Vampiric Draining     Necr           2%         2d6       58%         3

Your spell library contained the following spells:

 Spells                   Type           Power      Damage    Failure   Level
 Animate Skeleton         Necr           8%         N/A       26%         1
 Pain                     Necr           16%        1d4       26%         1
 Corpse Rot               Necr/Air       N/A        N/A       52%         2


Dungeon Overview and Level Annotations

Branches:
Dungeon (4/15)
 Temple: D:4-7

Altars:
Kikubaaqudgha
Qazlal

Annotations:
D:4 Eustachio


Innate Abilities, Weirdness & Mutations

You are immune to poison.
Your flesh is cold resistant. (rC+)
You are immune to negative energy. (rN+++)
You are immune to unholy pain and torment.
You are vulnerable to heat. (rF-)
You do not drink.


Message History

The ufetubus hits you but does no damage.
The ufetubus misses you. The goblin barely misses you.
The ufetubus closely misses you. The ufetubus hits you.
* * * LOW HITPOINT WARNING * * *
The quokka bites you.
* * * LOW HITPOINT WARNING * * *
You hit the goblin.
You kill the goblin!
Kikubaaqudgha accepts your kill. The ufetubus barely misses you. x2
The quokka bites you but does no damage.
Found a scroll labelled CITOJORRAP.
Things that are here:
a +0 dagger; a goblin corpse The ufetubus barely misses you.
The ufetubus hits you but does no damage.
The ufetubus hits you but does no damage.
The ufetubus hits you.
* * * LOW HITPOINT WARNING * * *
The ufetubus hits you but does no damage.
The ufetubus closely misses you.
You see here a scroll labelled CITOJORRAP.
The ufetubus closely misses you. x2
The ufetubus hits you but does no damage.
The ufetubus barely misses you.
The ufetubus hits you but does no damage.
The ufetubus barely misses you.
A worm comes into view.
The bat hits you but does no damage.
Found an encrusted copper ring.
Found a stone staircase leading up and a stone staircase leading down.
The bat hits you.
* * * LOW HITPOINT WARNING * * *
The bat hits you but does no damage. The worm closely misses you.
Found a scroll of magic mapping.
The bat closely misses you. The worm barely misses you.
There is a stone staircase leading up here.
The bat closely misses you. The ufetubus hits you.
You die...
Kikubaaqudgha rasps: "You have failed me!
Welcome... oblivion!"

.<,,** ####[.## .**,,**** ##r.#
.***,,,,*****##** ##?## **
****,,,,,,...###* ##..# *
********#....###.r## *
***#.....#### #########.r....#*
#.....b.#l####..# #...=@5r..#
**.#***** ******* *#..>..w..##
*,,,,,,*
,,,,,,****#........##**********,*
,,,,,,**,.?........#,,,,,*,,,,,,*
,,,,,,,,,###........,,,,,,,,,,,,*
,,,,,,,,,**#######...,,,,,,,,,,,,
,,,,,,**,,,,,,,,,.....,,,,,,,,,,,
,,,,,,***********#.....,,,,,,,,,,
,,,,,,* *,,,,,,,,,,,,,,,


You could see a worm, an iguana (weak-willed), an ufetubus (weak-willed), a
quokka (weak-willed) and a bat (summoned).

Vanquished Creatures
  A necrophage (D:4)
  Robin (D:3)
  5 adders
  5 dart slugs
  4 orcs
  2 bats
  5 endoplasms
  A giant cockroach (D:2)
  8 goblins
  9 hobgoblins
  12 jackals
  2 kobolds (D:1)
  3 quokkas
  6 ball pythons
  7 frilled lizards
  3 rats
74 creatures vanquished.

Notes
Turn   | Place    | Note
-------+----------+-------------------------------------------
     0 | D:1      | chippings the Mummy Gladiator began the quest for the Orb.
     0 | D:1      | Reached XP level 1. HP: 16/16 MP: 1/1
   101 | D:1      | Reached XP level 2. HP: 3/22 MP: 2/2
   924 | D:1      | Found a faded altar of an unknown god.
   934 | D:1      | Became a worshipper of Kikubaaqudgha
   934 | D:1      | Reached * piety under Kikubaaqudgha
   934 | D:1      | Identified Kikubaaqudgha's Guide on Stolen Souls
                  | (Kikubaaqudgha gifted it to you on level 1 of the Dungeon)
   934 | D:1      | Received a gift from Kikubaaqudgha
   967 | D:1      | Reached XP level 3. HP: 28/28 MP: 3/3
  1936 | D:2      | Reached ** piety under Kikubaaqudgha
  1937 | D:2      | Reached XP level 4. HP: 34/34 MP: 5/5
  1958 | D:2      | Reached skill level 1 in Spellcasting
  1958 | D:2      | Reached skill level 1 in Necromancy
  2569 | D:3      | Learned a level 3 spell: Vampiric Draining
  2974 | D:3      | Noticed Robin
  2992 | D:3      | Killed Robin
  2993 | D:3      | Reached XP level 5. HP: 18/41 MP: 7/7
  3405 | D:4      | Noticed a necrophage
  3426 | D:4      | Killed a necrophage
  3510 | D:4      | Found a stormy altar of Qazlal.
  3510 | D:4      | Noticed Eustachio
  3511 | D:4      | Noticed an air elemental
  3569 | D:4      | Slain by an ufetubus

Illustrated notes

Levels and vault maps discovered:
D:1:      minmay_arrival_up_and_down, layout_basic,
          shapermc_ecumenical_altar_mp_highgroup
D:2:      layout_basic, chequers_decorated_corner
D:3:      layout_basic, uniq_robin
D:4:      layout_rooms, nicolae_qazlal_style_of_elements, uniq_eustachio

Skill      XL: |  1  2  3  4  5 |
---------------+----------------+-----
Maces & Flails | 3 |  3.8
Spellcasting   | 1 2 |  2.5
Necromancy     | 1 2 |  2.1
Fighting       | 3 |  3.5
Throwing       | |  1.5
Dodging        | |  2.4

Action                   |  1- 3 |  4- 6 || total
-------------------------+-------+-------++-------
Melee: Flail             |    31 |       ||    31
       Whip              |   124 |   187 ||   311
  Use: Scroll            |       |     4 ||     4
Armor: Ring mail         |    50 |    92 ||   142
Dodge: Dodged            |    99 |   134 ||   233

Table legend: (Time is in decaauts)
 A = Elapsed time spent in this place.
 B = Non-inter-level travel time spent in this place.
 C = Inter-level travel time spent in this place.
 D = Time resting spent in this place.
 E = Time spent auto-exploring this place.
 F = Levels seen in this place.
 G = Mean time per level.
                   A        B        C        D        E       F      G
               +--------+--------+--------+--------+--------+-----+--------+
         Total |   3556 |   3537 |     19 |    103 |   2547 |   4 |  889.0 |
       Dungeon |   3556 |   3537 |     19 |    103 |   2547 |   4 |  889.0 |
               +--------+--------+--------+--------+--------+-----+--------+

Top non-repeatable levels by time:
     D:2: 1361 daAuts
     D:1: 1235 daAuts
     D:3: 765 daAuts
     D:4: 194 daAuts
